 Dungeon Crawl Stone Soup version 0.30-a0-459-g9104f0fc43 (webtiles) character file.

Game seed: 15268842780974590712

1142 SPOOX the Cleaver (level 8, -9/70 HPs)
             Began as a Minotaur Berserker on Dec 15, 2022.
             Was a Priest of Trog.
             Killed by divine providence
             ... invoked by an orc priest
              (14 damage)
             ... on level 5 of the Dungeon.
             The game lasted 00:13:46 (4133 turns).

SPOOX the Cleaver (Minotaur Berserker)              Turns: 4133, Time: 00:13:47

Health: -9/70      AC:  7    Str: 24    XL:     8   Next: 15%
Magic:  7/7        EV: 12    Int:  4    God:    Trog [***...]
Gold:   278        SH:  0    Dex: 10    Spells: 7/7 levels left

rFire   . . .      SeeInvis .    a - +0 hand axe
rCold   . . .      Faith    .    (no shield)
rNeg    . . .      Spirit   .    n - +0 ring mail
rPois   .          Reflect  .    (helmet restricted)
rElec   .          Harm     .    (no cloak)
rCorr   .          Rampage  .    (no gloves)
Will    .....                    j - +0 pair of boots
Stlth   ..........               (no amulet)
HPRegen 0.31/turn                i - +4 ring of slaying
MPRegen 0.10/turn                (no ring)

@: on berserk cooldown, slowed, very slow
A: horns 2, retaliatory headbutt
a: Renounce Religion, Berserk, Trog's Hand


You were on level 5 of the Dungeon.
You worshipped Trog.
Trog was most pleased with you.
You visited 1 branch of the dungeon, and saw 5 of its levels.

You collected 278 gold pieces.

Inventory:

Hand Weapons
 a - a +0 hand axe (weapon)
Missiles
 f - 2 poisoned darts (quivered)
 r - 5 atropa-tipped darts
Armour
 b - a +0 animal skin
 j - a +0 pair of boots (worn)
 n - a +0 ring mail (worn)
 x - a +0 tower shield
Jewellery
 i - a +4 ring of slaying (left hand)
Scrolls
 e - 2 scrolls of teleportation {unknown}
 h - a scroll of identify
 m - a scroll of magic mapping
 o - a scroll of immolation {unknown}
 s - 2 scrolls of brand weapon {unknown}
 t - a scroll of amnesia
 v - a scroll of blinking {unknown}
 w - a scroll of fear {unknown}
Potions
 c - 5 potions of curing
 d - 3 potions of brilliance {unknown}
 g - a potion of flight {unknown}
 k - a potion of invisibility {unknown}
 l - a potion of resistance {unknown}
 p - 2 potions of heal wounds
 q - a potion of lignification {unknown}
 u - 2 potions of haste {unknown}


   Skills:
 + Level 6.3 Fighting
 * Level 8.1 Axes
 + Level 5.7 Armour
 + Level 5.1 Dodging


You had 7 spell levels left.
You didn't know any spells.
Your spell library was empty.

Dungeon Overview and Level Annotations

Branches:
Dungeon (5/15)             Temple (0/1) D:4

Altars:

Shops:
D:1 =


Innate Abilities, Weirdness & Mutations

You have a pair of horns on your head.
You reflexively headbutt those who attack you in melee.


Message History

The gnoll hits you with a +0 whip.
An orc priest comes into view. It is wielding a +0 dagger.
You hit the gnoll.
You kill the gnoll!
Trog accepts your kill.
Things that are here:
a +0 whip; a gnoll corpse You slash the orc!
You kill the orc!
Trog accepts your kill.
You are no longer berserk.
You are exhausted.
You feel yourself slow down.
The orc priest hits you but does no damage.
Things that are here:
a +0 mace; an orc corpse; a howler monkey corpse You hit the orc priest.
The orc priest is moderately wounded.
The orc priest hits you with a +0 falchion.
Items here: )))) [[ ††.
The orc priest attacks as you move away!
The orc priest barely misses you. You furiously retaliate!
You headbutt the orc priest.
The orc priest invokes the aid of Beogh against you.
Beogh smites you!
* * * LOW HITPOINT WARNING * * *
The orc priest attacks as you move away!
The orc priest hits you with a +0 falchion.
* * * LOW HITPOINT WARNING * * *
The orc priest invokes the aid of Beogh against you.
Pain shoots through your body!
* * * LOW HITPOINT WARNING * * *
The orc priest invokes the aid of Beogh against you.
Pain shoots through your body!
* * * LOW HITPOINT WARNING * * *
An orc wizard comes into view. It is wielding a +0 dagger.
There is a stone staircase leading up here.
The orc priest invokes the aid of Beogh against you.
Beogh smites you!
You die...

.. ..##
...#.####
#...#...
#.....#######
#...?......#
#....)####
#....oo.@#
#...o#####
.)...(...
...#.....#
..#..###.#
.#..+ .. #...
o. ### ...


You could see 2 orc priests and an orc wizard.

Vanquished Creatures
  Menkaure (D:4)
  A water moccasin (D:4)
  Duvessa (D:4)
  2 ogres (D:4)
  A gnoll sergeant (D:5)
  A scorpion (D:4)
  Dowan (D:4)
  A howler monkey (D:5)
  3 jellies
  An orc priest (D:4)
  An iguana (D:5)
  4 orc wizards (D:4)
  4 gnolls (D:5)
  3 adders
  2 ufetubi
  5 worms
  A dart slug (D:2)
  9 orcs
  7 ball pythons
  17 endoplasms
  5 giant cockroaches
  5 goblins
  4 hobgoblins
  2 jackals (D:4)
  4 quokkas
  9 bats
  5 frilled lizards
  13 kobolds
  3 rats (D:1)
116 creatures vanquished.

Vanquished Creatures (others)
  A fungus (D:2)
  6 toadstools (D:2)
7 creatures vanquished.

Grand Total: 123 creatures vanquished

Notes
Turn   | Place    | Note
-------+----------+-------------------------------------------
     0 | D:1      | SPOOX the Minotaur Berserker began the quest for the Orb.
     0 | D:1      | Reached XP level 1. HP: 19/19 MP: 0/0
   124 | D:1      | Reached XP level 2. HP: 22/27 MP: 1/1
   251 | D:1      | Found Ceor's Jewellery Emporium.
   278 | D:1      | Reached skill level 4 in Axes
   624 | D:1      | Found a faded altar of an unknown god.
   629 | D:1      | Reached ** piety under Trog
  1109 | D:2      | Reached XP level 3. HP: 32/33 MP: 2/2
  1632 | D:2      | Reached XP level 4. HP: 23/40 MP: 3/3
  1642 | D:2      | Reached skill level 5 in Axes
  1817 | D:2      | Reached XP level 5. HP: 47/47 MP: 4/4
  2045 | D:3      | Reached *** piety under Trog
  2159 | D:3      | You fall into a shaft and drop 1 floor!
  2161 | D:4      | Noticed a water moccasin
  2162 | D:4      | Noticed an ogre
  2165 | D:4      | Killed a water moccasin
  2167 | D:4      | Killed an ogre
  2168 | D:4      | Reached skill level 5 in Fighting
  2168 | D:4      | Reached skill level 6 in Axes
  2168 | D:4      | Reached XP level 6. HP: 56/56 MP: 5/5
  2658 | D:4      | Noticed Duvessa
  2659 | D:4      | Noticed Dowan
  2665 | D:4      | Killed Duvessa
  2670 | D:4      | Reached XP level 7. HP: 61/61 MP: 6/6
  2672 | D:4      | Killed Dowan
  2679 | D:4      | Found a staircase to the Ecumenical Temple.
  2679 | D:4      | Noticed Menkaure
  3167 | D:4      | Killed Menkaure
  3168 | D:4      | Reached skill level 7 in Axes
  3342 | D:4      | Reached skill level 5 in Armour
  4097 | D:5      | Entered Level 5 of the Dungeon
  4105 | D:5      | Reached skill level 5 in Dodging
  4105 | D:5      | Reached XP level 8. HP: 57/70 MP: 7/7
  4109 | D:5      | Reached skill level 8 in Axes
  4133 | D:5      | Killed from afar by an orc priest

Illustrated notes

Levels and vault maps discovered:
D:1:      dpeg_arrival_chambers_temple_mockup, layout_loops_ring, serial_shops,
          shop, hellmonk_ecumenical_altar_heavens_door
D:2:      cheibrodos_fertilizer, layout_basic,
          hangedman_abyss_or_decor_lesser_grid, serial_bayou_pond_d,
          minmay_misc_feat_nine_boxes, nicolae_wormholes
D:3:      layout_basic
D:4:      layout_loops_ring, minmay_temple_entry_offerings,
          minmay_misc_feat_roman, uniq_menkaure, uniq_crazy_yiuf_cottage,
          uniq_duvessa
D:5:      layout_basic, hangedman_decor_diamond_cutter, uniq_pikel

Skill      XL: |  1  2  3  4  5  6  7  8 |
---------------+-------------------------+-----
Axes           | 4 5 6 7 8 |  8.1
Fighting       | 4 5 6 |  6.3
Armour         | 3 4 5 |  5.7
Dodging        | 3 4 5 |  5.1

Action                   |  1- 3 |  4- 6 |  7- 9 || total
-------------------------+-------+-------+-------++-------
Melee: Hand axe          |   106 |    54 |    70 ||   230
       Headbutt          |    13 |    15 |    11 ||    39
       Punch             |       |       |     1 ||     1
Invok: Berserk           |       |     2 |     3 ||     5
  Use: Scroll            |       |     4 |       ||     4
Armor: Animal skin       |    10 |       |       ||    10
       Ring mail         |     5 |    12 |    16 ||    33
Dodge: Dodged            |    67 |    22 |    29 ||   118

Table legend: (Time is in decaauts)
 A = Elapsed time spent in this place.
 B = Non-inter-level travel time spent in this place.
 C = Inter-level travel time spent in this place.
 D = Time resting spent in this place.
 E = Time spent auto-exploring this place.
 F = Levels seen in this place.
 G = Mean time per level.
                   A        B        C        D        E       F      G
               +--------+--------+--------+--------+--------+-----+--------+
         Total |   4176 |   4025 |    151 |    756 |   2454 |   5 |  835.2 |
       Dungeon |   4176 |   4025 |    151 |    756 |   2454 |   5 |  835.2 |
               +--------+--------+--------+--------+--------+-----+--------+

Top non-repeatable levels by time:
     D:3: 1158 daAuts
     D:4: 1082 daAuts
     D:1: 954 daAuts
     D:2: 949 daAuts
     D:5: 31 daAuts
